Map: [ESL] Waterfall

Players

Control - Winner!

  • Race: Terran Terran
  • Spawn Location: 7:00

TheNovack

  • Race: Protoss Protoss
  • Spawn Location: 1:00

Event: DreamHack SC2 Masters 2022 Valencia

VOD

Have the link to the VOD?

Description

Time

  • Played on: July 1, 2022, 6:07 a.m.
  • Length: 7:52

All games in this series

Show
View Real Time Build Order
Export as new Build Order

Control Terran - Winner!

Build Orders: Reaper Expand 

Get SALT Encoding   

  12  0:00  SCV  
  13  0:12  SCV  
  14  0:18  Supply Depot  
  14  0:24  SCV  
  15  0:39  SCV  
  15  0:40  Barracks  
  16  0:45  Refinery  
  16  0:51  SCV  
  17  1:03  SCV  
  18  1:15  SCV  
  19  1:27  Orbital Command, Reaper  
  20  1:41  Command Center  
  20  1:52  Supply Depot  
  20  1:56  SCV  
  20  1:59  Marine  
  22  2:10  Factory, SCV  
  22  2:14  Refinery  
  23  2:22  Barracks Reactor  
  23  2:27  SCV  
  23  2:29  Bunker  
  24  2:39  SCV  
  25  2:51  SCV  
  25  2:55  Orbital Command  
  26  2:58  Marine x2  
  26  3:03  SCV, Factory Tech Lab, Starport  
  29  3:13  Bunker  
  29  3:15  SCV  
  29  3:17  Marine  
  29  3:18  Marine  
  32  3:23  Cyclone  
  35  3:29  SCV  
  35  3:30  SCV  
  35  3:34  Supply Depot  
  36  3:37  Marine  
  36  3:38  Marine  
  38  3:50  Viking  
  40  3:55  Siege Tank  
  40  3:56  SCV, Supply Depot  
  40  4:01  SCV  
  45  4:02  Marine  
  45  4:08  SCV  
  47  4:13  SCV  
  45  4:20  SCV  
  45  4:23  Marine x2  
  48  4:28  SCV  
  49  4:32  SCV  
  48  4:41  SCV, Marine x2  
  51  4:50  Siege Tank  
  54  4:59  Marine x2  
  55  5:02  Medivac  
  55  5:03  SCV x2  
  59  5:15  SCV, Supply Depot  
  59  5:17  SCV, Marine  
  62  5:27  SCV  
  60  5:29  SCV  
  61  5:36  Marine  
  61  5:38  Marine  
  61  5:39  SCV  
  61  5:41  SCV  
  60  5:50  Siege Tank  
  60  5:51  SCV  
  60  5:53  Marine  
  60  5:54  SCV  
  66  5:59  Refinery  
  66  6:03  SCV, Liberator  
  70  6:06  SCV  
  70  6:07  Marine  
  68  6:11  Marine  
  68  6:15  SCV  
  68  6:18  SCV  
  64  6:25  Marine  
  61  6:28  SCV  
  61  6:29  Marine  
  61  6:30  SCV, Siege Tank  
  68  6:39  Barracks  
  68  6:40  SCV  
  68  6:42  SCV  
  70  6:47  Supply Depot  
  70  6:48  Marine x2  
  70  6:52  SCV, Starport Reactor  
  73  6:54  SCV  
  73  6:57  Supply Depot  
  73  7:04  SCV  
  73  7:06  SCV, Marine x2  
  67  7:16  SCV  
  67  7:18  SCV  
  69  7:23  Marine x2  
  69  7:28  SCV  
  72  7:31  Supply Depot  
  72  7:32  Refinery  
  72  7:34  Barracks Tech Lab  
  72  7:36  Barracks  
Show
View Real Time Build Order
Export as new Build Order

TheNovack Protoss 

Build Orders:  

Get SALT Encoding   

  12  0:00  Probe  
  13  0:12  Probe  
  14  0:19  Pylon  
  14  0:25  Probe  
  15  0:37  Probe (Chrono Boost)  
  15  0:38  Gateway  
  16  0:47  Assimilator  
  16  0:48  Probe (Chrono Boost)  
  17  0:53  Probe (Chrono Boost)  
  18  0:57  Assimilator  
  18  1:03  Probe (Chrono Boost)  
  19  1:15  Probe (Chrono Boost)  
  20  1:19  Probe (Chrono Boost)  
  21  1:26  Cybernetics Core  
  21  1:30  Probe  
  22  1:40  Pylon  
  22  2:04  Warp Gate (Chrono Boost), Robotics Facility  
  22  2:05  Stalker (Chrono Boost)  
  24  2:27  Stalker  
  26  2:51  Warp Prism  
  26  2:57  Stalker  
  26  2:58  Gateway  
  30  2:59  Gateway  
  30  3:01  Gateway  
  30  3:08  Pylon  
  30  3:09  Pylon  
  30  3:18  Pylon  
  30  3:59  Stalker x4  
  32  4:22  Stalker x2  
  32  4:23  Stalker  
  32  4:24  Stalker  
  32  5:05  Stalker x4  
  38  5:31  Stalker x4  
  44  5:54  Stalker x3  
  40  6:26  Stalker  
  40  6:27  Stalker x2  
  40  6:28  Stalker  
  42  6:57  Stalker x3  
  48  7:06  Stalker  
  26  7:31  Stalker x3  

Tags
 
Add a new tag
Caveats
  • Supply blocks, unpowered buildings, or Contaminate may cause inaccurate times.
  • Supply counts are checked every 10 seconds.